 Dungeon Crawl Stone Soup version 0.32-a0-913-g739538afd8 (webtiles) character file.

Game seed: 11030774932489696532

152 Bediveer the Shooter (level 5, -2/41 HPs)
             Began as a Coglin Hunter on Apr 8, 2024.
             Slain by a wyvern (13 damage)
             ... on level 5 of the Dungeon.
             The game lasted 00:02:13 (1636 turns).

Bediveer the Shooter (Coglin Hunter)                Turns: 1636, Time: 00:02:14

Health: -2/41      AC:  5    Str: 12    XL:     5   Next: 34%
Magic:  5/5        EV: 11    Int:  8    God:
Gold:   136        SH:  0    Dex: 19    Spells: 4/4 levels left

rFire   . . .        a - +2 sling {Henutmehyt}
rCold   . . .        d - +0 sling {Cuahtemoc}
rNeg    . . .        c - +0 leather armour
rPois   .            i - +0 helmet
rElec   .            (no cloak)
rCorr   .            (no gloves)
SInv    .            n - +0 pair of boots
Will    .....        (amulet unavailable)
Stlth   +            (ring unavailable)
HPRegen 0.26/turn    (ring unavailable)
MPRegen 0.09/turn    (no gizmo)

%: no passive effects
@: revving, very slow
A: off-hand wielding, slow wielding, warmup strikes, no jewellery
a: Invent Gizmo


You were on level 5 of the Dungeon.
You visited 2 branches of the dungeon, and saw 6 of its levels.

You collected 136 gold pieces.

Inventory:

Hand Weapons
 a - a +2 sling (weapon) {Henutmehyt}
 d - a +0 sling (offhand) {Cuahtemoc}
Armour
 c - a +0 leather armour (worn)
 i - a +0 helmet (worn)
 n - a +0 pair of boots (worn)
Scrolls
 f - 2 scrolls of teleportation
 g - a scroll of immolation
 m - a scroll of enchant weapon
Potions
 e - 2 potions of heal wounds
 h - a potion of brilliance {unknown}
 k - 2 potions of mutation {unknown}
 l - 3 potions of curing {unknown}
 o - a potion of cancellation {unknown}
 p - a potion of lignification {unknown}


   Skills:
 - Level 3.0 Fighting
 * Level 5.5 Ranged Weapons
 - Level 1.7 Dodging
 - Level 0.7 Stealth


You had 4 spell levels left.
You didn't know any spells.
Your spell library contained the following spells:

 Spells                   Type           Power      Damage    Failure   Level
 Slow                     Hex            0%         N/A       50%         1
 Confusing Touch          Hex            0%         N/A       86%         3
 Inner Flame              Hex/Fire       0%         N/A       86%         3
 Vampiric Draining        Necr           0%         2d6       86%         3
 Irradiate                Conj/Alch      0%         3d11      100%        5
 Ignition                 Fire           0%         3d3       100%        8


Dungeon Overview and Level Annotations

Branches:
Dungeon (6/15)             Temple (1/1) D:5

Altars:
Ashenzari
Hepliaklqana
Kikubaaqudgha
Makhleb
Nemelex Xobeh
Okawaru
Qazlal
Sif Muna
Xom
Zin
The Shining One


Innate Abilities, Weirdness & Mutations

You can wield a second weapon in your off-hand.
It takes a long time for you to wield or remove held weapons.
Your first few attacks do less damage.
You cannot equip rings or amulets.


Message History

You are too injured to fight recklessly!
You are too injured to fight recklessly!
You shoot a sling bullet. The sling bullet hits the wyvern.
The wyvern is heavily wounded.
You shoot a sling bullet.
The sling bullet hits the wyvern but does no damage.
The wyvern is heavily wounded.
The wyvern bites you!
* * * LOW HITPOINT WARNING * * *
As you read the scroll of butterflies, it crumbles to dust.
You hear the flapping of tiny wings.
The wyvern is knocked back by the sudden gust.
The wyvern closely misses your butterfly.
You swap places.
The wyvern bites your butterfly!
Your butterfly dies!
Your butterfly disappears in a burst of colours!
The wyvern completely misses your butterfly.
The wyvern barely misses your butterfly.
You swap places.
You swap places.
The wyvern barely misses your butterfly.
The wyvern completely misses your butterfly.
The wyvern completely misses your butterfly.
The wyvern barely misses your butterfly.
Something completely misses your butterfly.
The wyvern completely misses something.
The wyvern barely misses your butterfly.
You enter the shallow water.
Moving in this stuff is going to be slow.
Something barely misses your butterfly. x2
Something closely misses your butterfly.
Fire: a) +2 sling {Henutmehyt}
Press: ? - help, Shift-Dir - straight line, f/p - wyvern
Aim: a wyvern (water, moderately wounded, ally target, 64% to hit)
You shoot a sling bullet. The sling bullet hits the wyvern.
The wyvern is heavily wounded.
You shoot a sling bullet. The sling bullet hits the wyvern.
The wyvern is heavily wounded.
The wyvern bites you!
You die...

.......# #....#
.......#####.kb##
..........#...##
~~~~~~~~...b..#
~≈≈≈≈≈≈~~~~#.##
≈≈≈≈≈≈≈≈≈b~b~###
≈~~~~~~≈≈≈≈≈~~~##
~~..##~~~~b≈≈≈~~##
#........~b~b≈≈k@#
###.......#~~~≈≈~#
..<#...###~~~~#
##.. ###### ..


You could see a wyvern (ally target).

Vanquished Creatures
  A scorpion (D:5)
  2 adders (D:5)
  2 dart slugs
  10 orcs
  6 ball pythons
  8 endoplasms
  2 giant cockroaches (D:2)
  4 goblins
  4 hobgoblins
  3 kobolds
  A quokka (D:1)
  6 bats
  3 frilled lizards
  8 rats
60 creatures vanquished.

Notes
Turn   | Place    | Note
-------+----------+-------------------------------------------
     0 | D:1      | Bediveer the Coglin Hunter began the quest for the Orb.
     0 | D:1      | Reached XP level 1. HP: 16/16 MP: 1/1
    99 | D:1      | Reached XP level 2. HP: 21/22 MP: 2/2
   116 | D:1      | Reached skill level 4 in Ranged Weapons
   259 | D:1      | Reached XP level 3. HP: 28/28 MP: 3/3
   476 | D:1      | Found a faded altar of an unknown god.
  1382 | D:3      | You fall into a shaft and drop 3 floors!
  1388 | D:6      | Reached XP level 4. HP: 34/34 MP: 4/4
  1398 | D:5      | Entered Level 5 of the Dungeon
  1433 | D:5      | Noticed a scorpion
  1439 | D:5      | Killed a scorpion
  1440 | D:5      | Reached skill level 5 in Ranged Weapons
  1440 | D:5      | Reached XP level 5. HP: 34/41 MP: 5/5
  1568 | D:5      | Found a staircase to the Ecumenical Temple.
  1573 | Temple   | Entered the Ecumenical Temple
  1608 | D:5      | Noticed a wyvern
  1636 | D:5      | Slain by a wyvern

Illustrated notes

Levels and vault maps discovered:
D:1:      lightli_arrival_maybe_door_vault, layout_basic,
          hellmonk_ecumenical_altar_inner_sanctum
D:2:      layout_loops_ring, minmay_close_crescents
D:3:      layout_rooms, marbit_many_paths, uniq_jessica
D:5:      wander_river, layout_cave_pools, temple_doors_e, serial_shops, shop,
          guppyfry_early_lair_pool
D:6:      kennysheep_big_flooded_room, layout_basic, mainiacjoe_overflow_paths
Temple:   grunt_temple_mini_profane

Skill      XL: |  1  2  3  4 |
---------------+-------------+-----
Ranged Weapons | 4 5 |  5.5
Fighting       | 3 |  3.0
Dodging        | |  1.7
Stealth        | |  0.7

Action                     |  1- 3 |  4- 6 || total
---------------------------+-------+-------++-------
   Fire: Sling             |   170 |    72 ||   242
    Use: Scroll            |     4 |     3 ||     7
 Armour: Leather armour    |     2 |    13 ||    15
  Dodge: Dodged            |     3 |     4 ||     7

Table legend: (Time is in decaauts)
 A = Elapsed time spent in this place.
 B = Non-inter-level travel time spent in this place.
 C = Inter-level travel time spent in this place.
 D = Time resting spent in this place.
 E = Time spent auto-exploring this place.
 F = Levels seen in this place.
 G = Mean time per level.
                   A        B        C        D        E       F      G
               +--------+--------+--------+--------+--------+-----+--------+
         Total |   1664 |   1582 |     82 |      0 |   1295 |   6 |  277.3 |
       Dungeon |   1663 |   1582 |     81 |      0 |   1295 |   5 |  332.6 |
        Temple |      1 |      0 |      1 |      0 |      0 |   1 |    1.0 |
               +--------+--------+--------+--------+--------+-----+--------+

Top non-repeatable levels by time:
     D:2: 707 daAuts
     D:1: 664 daAuts
     D:5: 244 daAuts
     D:3: 29 daAuts
     D:6: 17 daAuts
  Temple: 1 daAuts
